 Dungeon Crawl Stone Soup version 0.17.0-28-g6e173f8 (webtiles) character file.

8089 inmateoo the Destroyer (level 11, -3/61 HPs)
             Began as an Octopode Conjurer on Nov 22, 2015.
             Was a Priest of Vehumet.
             Killed from afar by a gargoyle (22 damage)
             ... with a stone arrow
             ... on level 10 of the Dungeon.
             The game lasted 00:33:24 (12627 turns).

inmateoo the Destroyer (Octopode Conjurer)         Turns: 12627, Time: 00:33:24

Health: -3/61      AC:  3    Str:  7    XL:     11   Next: 25%
Magic:  6/21       EV: 17    Int: 21    God:    Vehumet [***...]
Gold:   556        SH:  0    Dex: 17    Spells: 7 memorised, 3 levels left

rFire  + . .     SeeInvis .     w - +0 whip (elec)
rCold  . . .     Clarity  +     (no shield)
rNeg   + . .     SustAt   .     (helmet restricted)
rPois  .         Gourm    .     (no amulet)
rElec  .         Spirit   .     f - +4 ring of dexterity
rCorr  .         Warding  .     E - ring of positive energy
rMut   .         Stasis   .     s - ring of protection from fire
MR     .....                    (no ring)
Stlth  ++++++....               (no ring)
                                (no ring)
                                (no ring)
                                (no ring)

@: stone skin, not resistant to hostile enchantments, very stealthy
A: almost no armour, amphibious, 8 rings, constrict 8, camouflage 1, clarity,
gelatinous body 1
a: Renounce Religion


You were on level 10 of the Dungeon.
You worshipped Vehumet.
Vehumet was most pleased with you.
You were hungry.

You visited 2 branches of the dungeon, and saw 11 of its levels.

You collected 556 gold pieces.

Inventory:

Hand Weapons
 w - a +0 whip of electrocution (weapon)
 y - the +1 halberd of Bread {chop, rC++ MR+}
   (You found it on level 8 of the Dungeon)

   It inflicts extra damage upon your enemies.
   It greatly protects you from cold.
   It affects your resistance to hostile enchantments.
Armour
 v - a +0 buckler
Jewellery
 e - an uncursed ring of flight
 f - a +4 ring of dexterity (left tentacle)
 s - a ring of protection from fire (on tentacle)
 B - an uncursed ring of teleportation
 E - a ring of positive energy (right tentacle)
Wands
 r - a wand of fire (9)
 H - a wand of flame (20)
Scrolls
 a - 3 scrolls of amnesia
 c - 2 scrolls of recharging
 d - 2 scrolls of magic mapping
 g - a scroll of remove curse
 h - 2 scrolls of blinking
 m - a scroll of fog
 C - a scroll of teleportation
 G - 2 scrolls of silence
Potions
 i - 3 potions of cure mutation
 j - a potion of agility
 l - 2 potions of curing
 n - a potion of cancellation
 o - 4 potions of heal wounds
 q - 2 potions of might {unknown}
 u - a potion of haste
 x - a potion of berserk rage
 z - 4 potions of lignification
Books
 t - a book of Geomancy

   Spells                             Type                      Level
   a - Sandblast                      Earth                        1
   b - Stoneskin                      Transmutation/Earth          2
   c - Passwall                       Transmutation/Earth          3
   d - Stone Arrow                    Conjuration/Earth            3
   e - Petrify                        Transmutation/Earth          4
   f - Lee's Rapid Deconstruction     Earth                        5
 F - the Tome of Creative Boosts
   (You found it on level 10 of the Dungeon)

   Spells                             Type                      Level
   a - Shroud of Golubria             Charms/Translocation         2
   b - Swiftness                      Charms/Air                   2
   c - Call Imp                       Summoning                    2
   d - Ozocubu's Armour               Charms/Ice                   3
   e - Summon Lightning Spire         Summoning/Air                4
   f - Summon Hydra                   Summoning                    7
Comestibles
 b - 7 bread rations
 k - 4 meat rations
 A - 9 slices of pizza
 D - 4 fruits


   Skills:
 + Level 7.3 Dodging
 + Level 9.6 Stealth
 + Level 6.7 Spellcasting
 * Level 10.5 Conjurations
 + Level 6.5 Charms
 * Level 0.2 Ice Magic
 - Level 3.7 Earth Magic


You had 3 spell levels left.
You knew the following spells:

 Your Spells              Type           Power        Failure   Level  Hunger
a - Magic Dart            Conj           ####         1%          1    None
b - Searing Ray           Conj           ######       1%          2    None
c - Iskenderun's Battles  Conj/Chrm      #####...     2%          5    #####..
d - Dazzling Spray        Conj/Hex       ####....     1%          3    #......
e - Iskenderun's Mystic   Conj           ######..     1%          4    ###....
f - Stoneskin             Trmt/Erth      ##......     8%          2    None
g - Ozocubu's Armour      Chrm/Ice       ###.....     10%         3    #......


Dungeon Overview and Level Annotations

Branches:
Dungeon (10/15)            Temple (1/1) D:5            Lair (0/8) D:8
    Orc (0/4) D:9

Altars:
Ashenzari
Cheibriados
Dithmenos
Fedhas
Gozag
Makhleb
Nemelex Xobeh
Okawaru
Qazlal
Ru
Sif Muna
Trog
Vehumet
Xom
Yredelemnul
Zin
The Shining One

Shops:
D:5 }   D:7 !

Annotations:
D:7 1 exclusion


Innate Abilities, Weirdness & Mutations

You cannot wear most types of armour.
You are amphibious.
You can wear up to eight rings at the same time.
You can use your tentacles to constrict eight enemies at once.
Your skin changes colour to match your surroundings (Stealth).
Your rubbery body absorbs attacks (AC +1).
You possess an exceptional clarity of mind.


Message History

The gargoyle is severely damaged.
Your battlesphere fires!
The barrage of energy hits the gargoyle.
The gargoyle is severely damaged.
The gargoyle hurls a stone arrow at you.
The stone arrow hits you!
Ouch! That really hurt!
Casting: Magic Dart
Confirm with . or Enter, or press ? or * to list all spells.
Aiming: Magic Dart
Press: ? - help, Shift-Dir - straight line, f/p - gargoyle
Aim: a gargoyle, wielding a flail (severely damaged)
The magic dart hits the gargoyle.
The gargoyle is severely damaged.
Your battlesphere fires!
The barrage of energy hits the gargoyle.
The gargoyle is severely damaged.
The gargoyle hurls a stone arrow at you.
The stone arrow hits you!
You die...

########## #......... ###
########......... ......
#................ ......
.#######*............... ......
........................ ##.....
.....9.@................ .......
.......########...###### ...#
....... #...# ...# ....... #...#
...# ....... #...# ...#
#........# #...+ ...# #........+
#...# ...#####........# #...#
................########...######


You could see a gargoyle.

Vanquished Creatures
  The ghost of bart the Impaler, a novice MfWr of Zin (D:10)
  Pikel (D:7)
  An ugly thing (D:7)
  Maurice (D:8)
  The ghost of septik the Magician, a novice DEFE of Vehumet (D:5)
  Prince Ribbit (D:8)
  A hungry ghost (D:8)
  11 yaks
  Menkaure (D:6)
  2 wyverns (D:8)
  2 hippogriffs
  Duvessa (D:7)
  A black bear (D:7)
  4 ogres
  3 orc warriors
  2 phantoms
  5 centaurs
  5 giant frogs
  A scorpion (D:6)
  5 killer bees (D:7)
  5 crimson imps
  4 wights (D:9)
  4 hounds
  A centaur zombie (D:10)
  A giant frog zombie (D:8)
  2 orc priests
  3 orc wizards
  5 giant frog skeletons
  3 iguanas
  3 centaur skeletons
  Natasha (twice) (D:4)
  7 worker ants
  3 hound skeletons
  Robin (D:4)
  3 gnolls (D:4)
  A worker ant zombie (D:9)
  11 adders
  A river rat (D:8)
  3 oozes
  An adder zombie (D:7)
  4 worms
  6 giant geckos
  28 orcs
  3 giant cockroaches
  17 goblins
  5 hobgoblins
  11 jackals
  11 kobolds
  2 quokkas
  A ball python (D:3)
  8 bats
  A giant gecko skeleton (D:9)
  A giant gecko zombie (D:5)
  6 giant newts
  A jackal skeleton (D:6)
  A quokka zombie (D:7)
  11 rats
231 creatures vanquished.

Vanquished Creatures (others)
  3 slaves (D:7)
  2 centaurs (D:7)
  9 fungi (D:8)
  4 plants (D:8)
18 creatures vanquished.

Grand Total: 249 creatures vanquished

Notes
Turn   | Place    | Note
--------------------------------------------------------------
     0 | D:1      | inmateoo the Octopode Conjurer began the quest for the Orb.
     0 | D:1      | Reached XP level 1. HP: 11/11 MP: 3/3
   134 | D:1      | Reached XP level 2. HP: 13/17 MP: 0/5
   138 | D:1      | Learned a level 2 spell: Searing Ray
   824 | D:1      | Reached XP level 3. HP: 21/21 MP: 2/6
   829 | D:1      | Learned a level 3 spell: Dazzling Spray
  1780 | D:2      | Found a sacrificial altar of Ru.
  1928 | D:2      | Reached XP level 4. HP: 27/27 MP: 2/7
  2962 | D:4      | Reached skill level 5 in Conjurations
  2962 | D:4      | Reached XP level 5. HP: 21/31 MP: 1/9
  3070 | D:4      | Noticed Robin
  3433 | D:4      | Killed Robin
  3699 | D:4      | Noticed an ogre
  3705 | D:4      | Killed an ogre
  3705 | D:4      | Reached XP level 6. HP: 36/36 MP: 4/10
  3790 | D:4      | Learned a level 5 spell: Iskenderun's Battlesphere
  3790 | D:4      | Noticed Natasha
  3809 | D:4      | Killed Natasha
  3910 | D:4      | Noticed a phantom
  3928 | D:4      | Killed a phantom
  4040 | D:4      | Noticed Natasha
  4045 | D:4      | Killed Natasha
  4091 | D:4      | Reached skill level 1 in Charms
  4100 | D:4      | Reached XP level 7. HP: 18/41 MP: 0/12
  4294 | D:4      | Reached skill level 5 in Stealth
  4611 | D:5      | Entered Level 5 of the Dungeon
  4784 | D:5      | Found Doluutywn's Gadget Emporium.
  4825 | D:5      | Reached skill level 6 in Conjurations
  4902 | D:5      | Noticed septik's ghost (novice DEFE)
  4918 | D:5      | Killed septik's ghost
  4918 | D:5      | Reached XP level 8. HP: 28/46 MP: 4/14
  5646 | D:5      | Reached skill level 7 in Conjurations
  5825 | D:5      | Found a staircase to the Ecumenical Temple.
  5834 | Temple   | Entered the Ecumenical Temple
  5850 | Temple   | Became a worshipper of Vehumet
  6304 | D:5      | Found a deep blue altar of Sif Muna.
  6454 | D:6      | Noticed Menkaure
  6486 | D:6      | Killed Menkaure
  6778 | D:6      | Found a bloodstained altar of Trog.
  6787 | D:6      | Got a fine dagger
  6789 | D:6      | Identified the cursed +1 dagger "Nanokh" {freeze, +Fly rF- MP+9 Stlth+} (You found it on level 6 of the Dungeon)
  6871 | D:6      | Gained mutation: You possess an exceptional clarity of mind. [potion of beneficial mutation]
  6993 | D:6      | Reached skill level 5 in Dodging
  7259 | D:5      | Reached XP level 9. HP: 35/51 MP: 7/16
  7571 | D:7      | Found a basalt altar of Yredelemnul.
  7608 | D:7      | Learned a level 4 spell: Iskenderun's Mystic Blast
  7641 | D:7      | Noticed a cyan ugly thing
  7863 | D:7      | Reached skill level 8 in Conjurations
  7972 | D:7      | Found Laobrist's Distillery.
  8010 | D:7      | Noticed an angel
  8011 | D:7      | Found a glowing silver altar of Zin.
  8012 | D:7      | Found a shimmering altar of Xom.
  8023 | D:7      | Reached skill level 5 in Spellcasting
  8150 | D:7      | Noticed Pikel
  8163 | D:7      | Killed Pikel
  8253 | D:7      | Reached * piety under Vehumet
  8253 | D:7      | Offered knowledge of Flame Tongue by Vehumet.
  8442 | D:7      | Noticed Duvessa
  8478 | D:7      | Killed Duvessa
  8570 | D:6      | Learned a level 2 spell: Stoneskin
  8655 | D:7      | Killed a white ugly thing
  8655 | D:7      | Reached skill level 9 in Conjurations
  8655 | D:7      | Reached skill level 5 in Charms
  8655 | D:7      | Reached skill level 1 in Earth Magic
  8655 | D:7      | Reached XP level 10. HP: 56/56 MP: 6/18
  9080 | D:7      | Found a shimmering altar of Xom.
  9402 | D:7      | Found a shadowy altar of Dithmenos.
  9402 | D:7      | Found a burning altar of Makhleb.
  9512 | D:8      | Found a blossoming altar of Fedhas.
  9611 | D:8      | Got an ichor-stained halberd
  9612 | D:8      | Identified the cursed +1 halberd of Bread {chop, rC++ MR+} (You found it on level 8 of the Dungeon)
  9658 | D:8      | Noticed Maurice
  9664 | D:8      | Killed Maurice
 10266 | D:8      | Offered knowledge of Freeze by Vehumet.
 10297 | D:8      | Found a staircase to the Lair.
 10308 | D:8      | Reached ** piety under Vehumet
 10449 | D:8      | Noticed Prince Ribbit
 10496 | D:8      | Killed Prince Ribbit
 10597 | D:8      | Found an opulent altar of Gozag.
 10816 | D:8      | Reached skill level 10 in Conjurations
 10943 | D:8      | Reached XP level 11. HP: 61/61 MP: 13/20
 11342 | D:9      | Offered knowledge of Inner Flame by Vehumet.
 11648 | D:9      | Found a staircase to the Orcish Mines.
 11650 | D:9      | Found a sacrificial altar of Ru.
 11948 | D:10     | Entered Level 10 of the Dungeon
 12115 | D:10     | Noticed bart's ghost (novice MfWr)
 12122 | D:10     | Killed bart's ghost
 12155 | D:10     | Identified the Tome of Creative Boosts
 12160 | D:10     | Learned a level 3 spell: Ozocubu's Armour
 12320 | D:10     | Noticed a hill giant
 12522 | D:10     | Reached *** piety under Vehumet
 12627 | D:10     | Killed from afar by a gargoyle

Action                   |  1- 3 |  4- 6 |  7- 9 | 10-12 || total
-------------------------+-------+-------+-------+-------++-------
Melee: Unarmed           |     8 |    23 |       |       ||    31
       Falchion          |       |       |    28 |       ||    28
       Whip              |       |       |    37 |    64 ||   101
       Halberd           |       |       |       |    28 ||    28
 Cast: Magic Dart        |    62 |    92 |   108 |   126 ||   388
       Searing Ray       |     2 |    11 |    21 |    14 ||    48
       Dazzling Spray    |       |       |     5 |     4 ||     9
       Iskenderun's Batt |       |       |     6 |    14 ||    20
       Stoneskin         |       |       |     1 |     3 ||     4
       Iskenderun's Myst |       |       |       |     3 ||     3
       Ozocubu's Armour  |       |       |       |     2 ||     2
  Use: Scroll            |     1 |     8 |    16 |     5 ||    30
       Potion            |       |       |     3 |       ||     3
 Stab: Distracted        |       |     1 |       |       ||     1
       Sleeping          |       |       |     2 |     8 ||    10
  Eat: Chunk             |     4 |     7 |    16 |    14 ||    41
       Beef jerky        |       |       |       |     2 ||     2
       Fruit             |       |       |       |     1 ||     1
